 Dungeon Crawl Stone Soup version 0.29-a0-1065-g47a6bb87d6 (webtiles) character file.

Game seed: 2673444552896588709

157611 nickcage the Slayer (level 16, -21/167 HPs)
             Began as a Minotaur Abyssal Knight on Aug 18, 2022.
             Was the Champion of Lugonu.
             Killed from afar by a salamander tyrant (45 damage)
             ... on level 1 of the Snake Pit.
             The game lasted 01:24:06 (25397 turns).

nickcage the Slayer (Minotaur Abyssal Knight)      Turns: 25397, Time: 01:24:07

Health: -21/167    AC: 30    Str: 24    XL:     16   Next: 85%
Magic:  21/21      EV: 11    Int:  7    God:    Lugonu [******]
Gold:   1912       SH:  0    Dex: 13    Spells: 9/15 levels left

rFire   . . .      SeeInvis .   e - +7 dire flail (distort)
rCold   . . .      Faith    .   (shield currently unavailable)
rNeg    + + .      Spirit   .   j - +4 plate armour {rN+}
rPois   +          Reflect  .   Q - +2 hat {Will+}
rElec   .          Harm     .   (no cloak)
rCorr   .          Rampage  .   n - +2 pair of gloves {hurl}
Will    ++...                   J - +1 pair of boots
Stlth   ..........              g - amulet of regeneration
HPRegen 1.17/turn               G - ring of poison resistance
MPRegen 0.17/turn               W - ring of Zuoh {Wiz Fly rN+}

@: weakened, flying, studying Hexes
A: horns 2, retaliatory headbutt
}: 1/15 runes: decaying
a: Renounce Religion, Depart the Abyss, Bend Space, Banish, Corrupt, Enter the
Abyss, Brand Weapon With Distortion


You were on level 1 of the Snake Pit.
You worshipped Lugonu.
Lugonu was exalted by your worship.
You visited 5 branches of the dungeon, and saw 27 of its levels.
You visited the Abyss 1 time.
You also visited: Gauntlet and Ice Cave.

You collected 2923 gold pieces.
You spent 1011 gold pieces at shops.

Inventory:

Hand Weapons
 a - the +14 obsidian axe {vorpal, Mesm Drain Fly SInv}
   (You found it on level 5 of the Lair of Beasts)

   It inflicts extra damage upon your enemies.
   It occasionally summons demons to assist the wielder when it strikes in
   combat.
   Its wielder is mesmerised by any visible foes.
   It cannot be unequipped while any foes are visible.
   SInv:      It lets you see invisible.
   Fly:       It grants you flight.
   Drain:     It drains your maximum health when unequipped.
 e - a +7 dire flail of distortion (weapon)
 V - a +0 morningstar
Missiles
 v - 53 poisoned darts (quivered)
Armour
 j - a +4 plate armour of positive energy (worn)
 n - a +2 pair of gloves of hurling (worn)
 C - the +7 chain mail "Kintyweni" {rPois rCorr Int-4 Dex+7}
   (You found it on level 4 of the Dungeon)

   Int:       It affects your intelligence (-4).
   Dex:       It affects your dexterity (+7).
   rPois:     It protects you from poison.
   rCorr:     It protects you from acid and corrosion.
 J - a +1 pair of boots (worn)
 Q - a +2 hat of willpower (worn)
Jewellery
 b - a +4 ring of evasion
 c - a ring of protection from cold
 g - an amulet of regeneration (around neck)
 q - a ring of ice
 u - an amulet of guardian spirit
 w - a +6 ring of strength
 z - a ring of resist corrosion
 B - a ring of protection from fire
 F - a ring of positive energy
 G - a ring of poison resistance (left hand)
 W - the ring of Zuoh (right hand) {Wiz Fly rN+}
   (You found it on level 5 of the Lair of Beasts)

   [ring of wizardry]

   It improves your spell success rate.
   rN:        It protects you from negative energy.
   Fly:       It grants you flight.
Wands
 y - a wand of iceblast (15)
 D - a wand of paralysis (33)
 E - a wand of light (21)
 M - a wand of digging (5)
 N - a wand of polymorph (6)
 P - a wand of flame (56)
 T - a wand of mindburst (6)
Scrolls
 i - 12 scrolls of identify
 o - 3 scrolls of magic mapping
 t - 13 scrolls of teleportation
 A - 4 scrolls of blinking
 H - a scroll of amnesia
 L - a scroll of enchant weapon
 R - a scroll of butterflies
 S - 2 scrolls of summoning
 U - a scroll of fear
 X - a scroll of brand weapon
Potions
 d - 3 potions of berserk rage
 f - 6 potions of haste
 h - 10 potions of curing
 k - 15 potions of heal wounds
 l - a potion of cancellation {unknown}
 m - 2 potions of resistance {unknown}
 p - 3 potions of brilliance
 r - 5 potions of mutation
 x - 3 potions of attraction
 I - 3 potions of invisibility
 K - 3 potions of might
Miscellaneous
 s - a tin of tremorstones (2/2)
 O - a phantom mirror
 Z - a box of beasts


   Skills:
 + Level 21.1 Fighting
 * Level 19.2 Maces & Flails
 + Level 18.1 Armour
 + Level 9.4 Dodging
 - Level 4.0 Hexes
 * Level 8.7 Invocations


You had 9 spell levels left.
You knew the following spells:

 Your Spells              Type           Power      Damage    Failure   Level
a - Statue Form           Tmut/Erth      0%         N/A       100%        6

Your spell library contained the following spells:

 Spells                   Type           Power      Damage    Failure   Level
 Slow                     Hex            20%        N/A       22%         1
 Confusing Touch          Hex            5%         N/A       52%         3
 Sandblast                Erth           0%         2d4       71%         1
 Sting                    Tmut/Pois      0%         1d3       71%         1
 Summon Small Mammal      Summ           0%         N/A       71%         1
 Dazzling Flash           Conj/Hex       4%         N/A       80%         3
 Inner Flame              Hex/Fire       2%         N/A       80%         3
 Summon Guardian Golem    Hex/Summ       2%         N/A       80%         3
 Passwall                 Tmut/Erth      0%         N/A       85%         2
 Poisonous Vapours        Pois/Air       0%         N/A       85%         2
 Static Discharge         Conj/Air       0%         3-3/arc   85%         2
 Sublimation of Blood     Necr           0%         N/A       85%         2
 Call Canine Familiar     Summ           0%         N/A       96%         3
 Conjure Flame            Conj/Fire      0%         6-21      96%         3
 Gell's Gravitas          Tloc           0%         N/A       96%         3
 Ignite Poison            Fire/Tmut/Pois 0%         N/A       96%         3
 Stone Arrow              Conj/Erth      0%         3d7       96%         3
 Teleport Other           Tloc           0%         N/A       96%         3
 Vampiric Draining        Necr           0%         2d6       96%         3
 Leda's Liquefaction      Hex/Erth       1%         N/A       99%         4
 Animate Dead             Necr           0%         N/A       100%        4
 Dispel Undead            Necr           0%         3d6       100%        4
 Olgreb's Toxic Radiance  Pois           0%         N/A       100%        4
 Petrify                  Tmut/Erth      0%         N/A       100%        4
 Sticky Flame             Conj/Fire      0%         2d3       100%        4
 Agony                    Necr           0%         N/A       100%        5
 Blade Hands              Tmut           0%         N/A       100%        5
 Borgnjor's Vile Clutch   Necr/Erth      0%         N/A       100%        5
 Irradiate                Conj/Tmut      0%         3d11      100%        5
 Lightning Bolt           Conj/Air       0%         1d11      100%        5
 Silence                  Hex/Air        1%         N/A       100%        5
 Conjure Ball Lightning   Conj/Air       0%         3x3d6     100%        6
 Dispersal                Tloc           0%         N/A       100%        6
 Iron Shot                Conj/Erth      0%         9d1       100%        6
 Dragon Form              Tmut           0%         N/A       100%        7
 Haunt                    Necr/Summ      0%         N/A       100%        7
 Malign Gateway           Summ/Tloc      0%         N/A       100%        7
 Discord                  Hex            2%         N/A       100%        8
 Disjunction              Tloc           0%         N/A       100%        8
 Infestation              Necr           0%         N/A       100%        8
 Maxwell's Capacitive Co  Air            0%         ∞         100%        8
 Summon Horrible Things   Summ           0%         N/A       100%        8


Dungeon Overview and Level Annotations

Branches:
Dungeon (15/15)            Temple (0/1) D:5            Lair (5/5) D:11
  Swamp (4/4) Lair:3        Snake (1/4) Lair:2        Slime (0/5) Lair:4
    Orc (2/2) D:11            Elf (0/3) Orc:2        Vaults (0/5) D:14
 Depths (0/4) D:15          IceCv (visited)         Gauntlet (visited)

Altars:
Fedhas
Gozag
Okawaru
Qazlal
Sif Muna
Xom
Yredelemnul
Jiyva
Lugonu

Shops:
D:5 !   D:12 [   Orc:2 ?(:**

Portals:
Abyss: Lair:5
Trove: D:11 (give 7 potions of haste)

Annotations:
D:4 2 transporters
Abyss:1 Erica, Nergalle


Innate Abilities, Weirdness & Mutations

You have a pair of horns on your head.
You reflexively headbutt those who attack you in melee.


Message History

The salamander hits you but does no damage.
You hit the salamander tyrant.
Space warps around the salamander tyrant.
Your headbutt misses the salamander tyrant.
The salamander tyrant is lightly wounded.
The salamander tyrant hits you but does no damage.
You sock the salamander tyrant!
Space warps around the salamander tyrant.
You headbutt the salamander tyrant!
The salamander tyrant is heavily wounded.
The salamander hits you from afar with a +2 halberd.
You are engulfed in flames!
The salamander tyrant hits you but does no damage.
You sock the salamander tyrant!
The salamander tyrant is severely wounded.
The salamander tyrant blinks!
The salamander hits you with a +2 halberd!
You are engulfed in flames!
The salamander tyrant gazes fiercely through you!
You feel as though you will be weak longer.
You closely miss the salamander.
The salamander tyrant rends the earth beneath you!
The blast of magma engulfs you!!!
* * * LOW HITPOINT WARNING * * *
The blast of magma engulfs the salamander!!
The salamander partially resists.
The salamander barely misses you.
You puncture the salamander!
Space warps around the salamander.
You headbutt the salamander, but do no damage.
The salamander is heavily wounded.
The salamander tyrant calls gouts of flame from the lava!
The flame surge hits you!!
* * * LOW HITPOINT WARNING * * *
The salamander closely misses you.
The salamander attacks as you move away!
The salamander hits you but does no damage.
The salamander barely misses you.
You see here a +0 shortbow of flaming.
The salamander tyrant rends the earth beneath you!
The blast of magma engulfs you!!!
You die...

...............# #...#####......#
...............# #...#####....#..
..............## #.......#....##.
...............###.......N....###
...............≈≈...######....##
........##NN)### ##....##
.......##.)## #..N... #....#≈.#
#...... #.....≈@# ##......
##..##.≈<# #....... #...###..#
#....... #...# #..# #.......
#..## #..## ##....## #..# #...#
#..#### #..# ##...# #..###.
#..###....## #......
#..........#### ##)####


You could see a salamander tyrant (fast) and a salamander.

Vanquished Creatures
  Nikola (Swamp:2)
  A thorn hunter (Swamp:4)
  Gastronok (D:10)
  A fenstrider witch (Swamp:3)
  Roxanne (Swamp:1)
  Aizul (Snake:1)
  3 eleionomae
  A minotaur (Gauntlet)
  Snorg (Orc:1)
  A shambling mangrove (Swamp:3)
  The ghost of IdlyInterested the Carver, a journeyman DsWn of Makhleb (Lair:2)
  4 boulder beetles
  3 vault guards (D:14)
  2 anacondas (Snake:1)
  4 ogre magi (Orc:2)
  19 hydras
  2 centaur warriors
  An ice dragon (Swamp:4)
  A ghost crab (Swamp:4)
  4 alligators
  18 two-headed ogres
  A death scarab (Gauntlet)
  2 orc high priests
  A thrashing horror (Lair:5)
  2 tengu warriors
  2 naga sharpshooters (Snake:1)
  A shock serpent (Snake:1)
  A fire crab (Gauntlet)
  A skeletal warrior (D:15)
  A sea snake (shapeshifter) (Lair:5)
  A salamander mystic (Snake:1)
  6 spriggan druids
  A death drake (shapeshifter) (D:15)
  A death drake (Gauntlet)
  5 goliath frogs
  8 bog bodies
  11 swamp dragons
  A flayed ghost (D:15)
  2 large abominations (Lair:5)
  A shadow dragon zombie (D:15)
  A wizard (D:15)
  A necromancer (D:15)
  Pikel (D:4)
  2 mana vipers (Snake:1)
  A spectral wolf spider (Gauntlet)
  12 ugly things
  3 deep elf pyromancers
  A wolf spider (D:15)
  A moth of wrath (shapeshifter) (D:13)
  2 salamanders (Snake:1)
  5 manticores
  8 cyclopes
  8 will-o-the-wisps
  2 orc sorcerers (Orc:1)
  4 elephants (Lair:3)
  2 black mambas
  A smoke demon (Lair:5)
  8 cane toads
  A centaur zombie (D:15)
  A naga mage (Snake:1)
  An unseen horror (D:12)
  A gargoyle (D:14)
  4 kobold demonologists
  7 rime drakes
  A freezing wraith (IceCv)
  An anaconda simulacrum (IceCv)
  7 komodo dragons
  2 tengu conjurers
  A guardian mummy (D:15)
  A queen bee (shapeshifter) (Lair:5)
  A troll (Orc:1)
  5 hornets
  2 slime creatures (Lair:4)
  13 blink frogs (Lair:5)
  6 tyrant leeches
  A meliai zombie (D:15)
  Sigmund (D:4)
  4 centaur simulacra (Gauntlet)
  6 spriggans
  A vampire (D:6)
  A ynoxinul (Lair:5)
  42 yaks
  3 shadows
  3 wraiths
  4 wyverns
  8 humans (D:14)
  4 chaos spawn
  3 fire bats (Gauntlet)
  19 vampire mosquitoes
  4 basilisks
  A neqoxec (Gauntlet)
  3 steam dragons
  A spectral cane toad (Gauntlet)
  2 nagas (Lair:2)
  14 swamp worms
  4 acid dragons
  A hell hound (Gauntlet)
  A glowing shapeshifter zombie (D:15)
  12 water moccasins
  A sky beast (D:6)
  3 swamp drakes (Swamp:4)
  2 ice beasts
  13 orc warriors
  2 black bears
  33 ogres
  11 centaurs
  2 phantoms
  3 kobold brigands
  8 bullfrogs
  5 necrophages
  7 scorpions
  A wyvern zombie (D:5)
  A two-headed ogre simulacrum (D:13)
  2 cane toad simulacra
  A water moccasin zombie (D:5)
  A gnoll sergeant (D:9)
  5 wights (D:6)
  8 small abominations (Lair:5)
  A wyvern skeleton (D:5)
  20 killer bees
  An elephant simulacrum (D:13)
  2 howler monkeys
  A bullfrog zombie (D:5)
  A wyvern simulacrum (Gauntlet)
  4 hounds
  2 jellies
  3 gnoll boudas
  8 orc priests
  A centaur skeleton (D:5)
  A bullfrog skeleton (D:5)
  A boggart zombie (Gauntlet)
  6 iguanas
  9 orc wizards
  A polar bear simulacrum (IceCv)
  A scorpion zombie (D:5)
  A spriggan simulacrum (D:13)
  A troll simulacrum (D:13)
  The ghost of ragingrage the Chopper, a weakling MiDe (D:8)
  A hound zombie (D:5)
  A hound skeleton (D:5)
  19 gnolls
  2 naga simulacra (D:13)
  3 adders
  A shadow imp (D:7)
  2 ufetubi (D:4)
  3 dart slugs
  33 orcs
  9 ball pythons
  7 endoplasms
  4 giant cockroaches
  3 goblins
  8 hobgoblins
  5 jackals
  9 quokkas
  7 bats
  2 frilled lizards (D:1)
  27 kobolds
  4 rats
706 creatures vanquished.

Vanquished Creatures (others)
  A vault guard (D:14)
  A spriggan druid (Swamp:1)
  An ugly thing (IceCv)
  A rime drake (Swamp:4)
  4 bloated husks
  33 foxfires
  9 fungi
  10 plants
  A withered plant (D:15)
61 creatures vanquished.

Grand Total: 767 creatures vanquished

Notes
Turn   | Place    | Note
-------+----------+-------------------------------------------
     0 | Abyss:1  | nickcage the Minotaur Abyssal Knight began the quest for
                  | the Orb.
     0 | Abyss:1  | Reached XP level 1. HP: 19/19 MP: 1/1
     1 | D:1      | Escaped the Abyss
   378 | D:1      | Reached XP level 2. HP: 25/26 MP: 2/2
  1065 | D:1      | Reached *** piety under Lugonu
  1122 | D:2      | Reached XP level 3. HP: 28/31 MP: 3/3
  2165 | D:2      | Found a shimmering blue altar of Sif Muna.
  2590 | D:3      | Reached skill level 5 in Maces & Flails
  2965 | D:3      | Found an iron altar of Okawaru.
  2974 | D:3      | Reached XP level 4. HP: 39/39 MP: 4/4
  3242 | D:3      | Found a faded altar of an unknown god.
  3471 | D:3      | Found an opulent altar of Gozag.
  3649 | D:4      | Noticed Sigmund
  3656 | D:4      | Killed Sigmund
  3657 | D:4      | Reached XP level 5. HP: 38/45 MP: 5/5
  3665 | D:4      | Reached **** piety under Lugonu
  3666 | D:4      | Reached XP level 6. HP: 42/51 MP: 6/6
  4050 | D:4      | Identified the +7 chain mail "Kintyweni" {rPois rCorr Int-4
                  | Dex+7}
  4114 | D:4      | Reached XP level 7. HP: 42/57 MP: 7/7
  4366 | D:4      | Noticed Pikel
  4398 | D:4      | Killed Pikel
  4399 | D:4      | Reached XP level 8. HP: 14/64 MP: 8/8
  4721 | D:4      | Found a transporter.
  4787 | D:4      | Found a transporter.
  5085 | D:5      | Entered Level 5 of the Dungeon
  5205 | D:5      | Found a blossoming altar of Fedhas.
  5397 | D:5      | Found a staircase to the Ecumenical Temple.
  5798 | D:5      | Found Seafod's Distillery.
  5808 | D:5      | Bought a potion of might for 48 gold pieces
  5808 | D:5      | Bought a potion of heal wounds for 60 gold pieces
  5819 | D:5      | Identified 2 scrolls of acquirement
  5819 | D:5      | Acquired a +2 dire flail of distortion
  5822 | D:5      | Acquired an amulet of regeneration
  6282 | D:6      | Reached XP level 9. HP: 70/70 MP: 9/9
  6449 | D:6      | Reached skill level 15 in Maces & Flails
  6468 | D:6      | Reached ***** piety under Lugonu
  6739 | D:6      | Reached XP level 10. HP: 76/77 MP: 10/10
  7589 | D:7      | Reached skill level 4 in Fighting
  7621 | D:7      | Reached skill level 1 in Hexes
  8216 | D:8      | Reached skill level 5 in Fighting
  8232 | D:8      | Noticed ragingrage's ghost (weakling MiDe)
  8285 | D:8      | Found a runed translucent door.
  8307 | D:8      | Noticed Erica
  8325 | D:8      | Banished Erica
  8419 | D:8      | Reached skill level 6 in Fighting
  8419 | D:8      | Reached skill level 5 in Armour
  8714 | D:8      | Killed ragingrage's ghost
  8722 | D:8      | Got Sigohabee's Guidebook on the Ground
  8804 | D:9      | Identified the +12 spear "Buontum" {elec, Will+ Str+2
                  | Int+3}
  8832 | D:9      | Reached XP level 11. HP: 90/91 MP: 13/13
  9102 | D:9      | Found a stormy altar of Qazlal.
  9402 | D:10     | Entered Level 10 of the Dungeon
  9532 | D:10     | Reached skill level 7 in Fighting
  9924 | D:10     | Noticed a two-headed ogre
  9933 | D:10     | Killed a two-headed ogre
 10037 | D:10     | Noticed Gastronok
 10052 | D:10     | Noticed Nergalle
 10166 | D:10     | Killed Gastronok
 10167 | D:10     | Reached skill level 8 in Fighting
 10167 | D:10     | Reached skill level 5 in Invocations
 10184 | D:10     | Banished Nergalle
 10366 | D:11     | Noticed a two-headed ogre
 10376 | D:11     | Killed a two-headed ogre
 10496 | D:11     | Reached skill level 9 in Fighting
 10554 | D:11     | Reached ****** piety under Lugonu
 10620 | D:11     | Found a staircase to the Orcish Mines.
 10781 | D:11     | Found a staircase to the Lair.
 10869 | D:11     | Found a portal to a secret trove of treasure.
 11182 | Lair:1   | Entered Level 1 of the Lair of Beasts
 11388 | Lair:1   | Reached XP level 12. HP: 106/106 MP: 15/15
 11437 | Lair:1   | Reached skill level 10 in Fighting
 11918 | Lair:2   | Noticed a five-headed hydra
 11918 | Lair:2   | Found a runed translucent gate.
 11918 | Lair:2   | Found a runed translucent gate.
 11928 | Lair:2   | Killed a five-headed hydra
 12002 | Lair:2   | Found a staircase to the Snake Pit.
 12003 | Lair:2   | Noticed a boulder beetle
 12024 | Lair:2   | Killed a boulder beetle
 12025 | Lair:2   | Reached skill level 10 in Armour
 12094 | Lair:2   | Found a runed translucent gate.
 12094 | Lair:2   | Noticed IdlyInterested's ghost (journeyman DsWn)
 12099 | Lair:2   | Reached skill level 11 in Fighting
 12206 | Lair:2   | Noticed a boulder beetle
 12220 | Lair:2   | Killed a boulder beetle
 12886 | Lair:3   | Found a staircase to the Swamp.
 12917 | Lair:3   | Reached skill level 12 in Fighting
 13153 | Lair:3   | Found a shimmering altar of Xom.
 13835 | Lair:4   | Noticed a seven-headed hydra
 13869 | Lair:4   | Killed a seven-headed hydra
 13939 | Lair:4   | Found a runed translucent door.
 13939 | Lair:4   | Found a viscous altar of Jiyva.
 13985 | Lair:4   | Identified the +2 chain mail "Jycel" {Rampage rF+ rC+ rCorr
                  | Int-5}
 14023 | Lair:4   | Reached skill level 5 in Dodging
 14026 | Lair:4   | Reached XP level 13. HP: 117/119 MP: 17/17
 14448 | Lair:4   | Reached skill level 13 in Fighting
 14780 | Lair:4   | Found a staircase to the Slime Pits.
 14865 | Lair:5   | Entered Level 5 of the Lair of Beasts
 14990 | Lair:5   | Identified the ring of Zuoh {Wiz Fly rN+}
 15219 | Lair:5   | Reached skill level 14 in Fighting
 15488 | Lair:5   | Found a corrupted altar of Lugonu.
 15488 | Lair:5   | Found a one-way gate to the infinite horrors of the Abyss.
 16108 | Lair:5   | Reached skill level 15 in Fighting
 16109 | Lair:5   | Found the +14 obsidian axe {vorpal, Mesm Drain Fly SInv}
 16499 | Orc:1    | Entered Level 1 of the Orcish Mines
 16605 | Orc:1    | Noticed Snorg
 16620 | Orc:1    | Killed Snorg
 16649 | Orc:1    | You are sucked into a shaft and drop 1 floor!
 16649 | Orc:2    | Entered Level 2 of the Orcish Mines
 16757 | Orc:2    | Reached XP level 14. HP: 108/135 MP: 18/18
 16794 | Orc:2    | Reached skill level 15 in Armour
 16803 | Orc:2    | Paralysed by something for 2 turns
 16823 | Orc:2    | Reached skill level 16 in Fighting
 16853 | Orc:2    | Found Gumavoikk's Magic Scroll Boutique.
 16853 | Orc:2    | Found Forae's Antique Weapon Emporium.
 16854 | Orc:2    | Found Qistron's Book Emporium.
 16854 | Orc:2    | Found Plog's Assorted Antiques.
 16956 | Orc:2    | Bought a scroll of enchant armour for 97 gold pieces
 16958 | Orc:2    | Bought a runed plate armour for 806 gold pieces
 17421 | Orc:2    | Found Rusovyux's Gadget Gallery.
 17445 | Orc:2    | Found a staircase to the Elven Halls.
 17643 | Orc:2    | Reached skill level 17 in Fighting
 17875 | D:12     | Found a gate leading to a gauntlet.
 17934 | Gauntlet | Entered a Gauntlet
 17934 | Gauntlet | Found a transporter.
 17947 | Gauntlet | Found a transporter.
 17947 | Gauntlet | Found a transporter.
 17948 | Gauntlet | Found a transporter.
 17952 | Gauntlet | Found a runed translucent door.
 17952 | Gauntlet | Found a runed translucent door.
 17956 | Gauntlet | Found a transporter.
 17959 | Gauntlet | Found a transporter.
 17960 | Gauntlet | Found a transporter.
 17969 | Gauntlet | Found a transporter.
 17971 | Gauntlet | Found a transporter.
 17972 | Gauntlet | Found a transporter.
 17980 | Gauntlet | Found a transporter.
 17983 | Gauntlet | Found a transporter.
 17984 | Gauntlet | Found a transporter.
 17992 | Gauntlet | Found a transporter.
 18178 | Gauntlet | Identified the +10 quarterstaff "Gubrahov" {freeze, rElec
                  | rPois}
 18244 | Gauntlet | Identified the ring "Yntid" {rElec MP+9}
 18245 | Gauntlet | Got the Handbook of Hindering Evil Rites
 18388 | D:12     | Found Tekaixei's Armour Boutique.
 19027 | D:13     | Found a frozen archway.
 19062 | D:13     | Reached skill level 18 in Fighting
 19076 | IceCv    | Entered an ice cave
 19091 | IceCv    | Found a transporter.
 19112 | IceCv    | Found a transporter.
 19234 | D:13     | Reached XP level 15. HP: 138/149 MP: 19/19
 19632 | D:14     | You are sucked into a shaft and drop 1 floor!
 19632 | D:15     | Entered Level 15 of the Dungeon
 19680 | D:15     | Found a staircase to the Depths.
 19763 | D:15     | Identified the +8 glaive "Impbane" {vamp, rPois rC+}
 20189 | D:14     | Reached skill level 19 in Fighting
 20246 | D:14     | Found a gate to the Vaults.
 20406 | D:14     | Identified the +1 scale mail of Vutsunlo {MP+9 Dex+3}
 21154 | D:15     | Found a basalt altar of Yredelemnul.
 21604 | Swamp:1  | Entered Level 1 of the Swamp
 21653 | Swamp:1  | Identified Roxanne's Parchment of the Quarry
 21653 | Swamp:1  | Noticed Roxanne
 21746 | Swamp:1  | Reached skill level 20 in Fighting
 21770 | Swamp:1  | Killed Roxanne
 21788 | Swamp:1  | Learned a level 6 spell: Statue Form
 22184 | Swamp:1  | Identified the +2 leather armour of Objectivity {Will+}
 22442 | Swamp:2  | You are sucked into a shaft and drop 1 floor!
 22583 | Swamp:2  | Reached XP level 16. HP: 157/165 MP: 20/20
 22794 | Swamp:2  | Noticed Nikola
 22818 | Swamp:2  | Killed Nikola
 23675 | Swamp:4  | Entered Level 4 of the Swamp
 24380 | Swamp:4  | Noticed a thorn hunter
 24388 | Swamp:4  | Reached skill level 21 in Fighting
 24390 | Swamp:4  | Killed a thorn hunter
 24488 | Swamp:4  | Got a decaying rune of Zot
 24825 | Lair:2   | Killed IdlyInterested's ghost
 24841 | Snake:1  | Entered Level 1 of the Snake Pit
 24937 | Snake:1  | Noticed Aizul
 24956 | Snake:1  | Killed Aizul
 25397 | Snake:1  | Killed from afar by a salamander tyrant

Illustrated notes

Levels and vault maps discovered:
D:1:      minmay_arrival_split_and_join, layout_basic, minmay_crystal_room
D:2:      layout_basic, basic_altar, minmay_crystal_water
D:3:      layout_loops_ring, marbit_many_paths,
          mainiacjoe_overflow_concentric_impassable,
          chequers_ecumenical_altar_twisty
D:4:      gammafunk_wand_slinger, layout_rooms, st_stairs_8, kennysheep_donut,
          hex_large, nicolae_kite_square_tiling_tiny, uniq_sigmund, uniq_pikel
D:5:      layout_loops_corners, fedhas_altar_4, minmay_temple_entry_trees,
          serial_undead, serial_undead_b, serial_undead_d, serial_undead_d,
          serial_undead_a, serial_shops, nicolae_shop_advertising_works
          [nicolae_subvault_shop_adworks], hangedman_abyss_or_decor_passed
D:6:      kennysheep_windowed_halls, layout_basic,
          chequers_serial_rivers_micro_a
D:7:      layout_loops_ring
D:8:      layout_cave_pools, hellmonk_ghost_big_iron, uniq_erica
D:9:      lemuel_ogre_cave, layout_cave_pools, lemuel_coloured_pillars_altar
D:10:     layout_cave_pods, serial_column_ruins, column_ruins_grid_1,
          column_ruins_columns_straight, column_ruins_grid_2,
          column_ruins_open_small, column_ruins_grid_3, uniq_gastronok,
          uniq_nergalle
D:11:     layout_basic, lair_entry_dummy, orc_0_dummy,
          nicolae_trove_entry_free_sample
D:12:     layout_long_grid, serial_shops, shop, gauntlet_entry_generic,
          minivault_16, lemuel_flamethrower_3
D:13:     layout_cave_pools, portal_ice_cave_entry_ice_simulacra
D:14:     layout_loops_ring, ximxim_vaults_locker_room
D:15:     gammafunk_depths_entry_grave, layout_loops_ring, nrook_campfire,
          lemuel_zombie_altar_yredelemnul
Lair:1:   layout_roguey, chequers_serial_rivers_marsh, minmay_holes
Lair:2:   layout_gridlike, guppyfry_snake_entry_island,
          ebering_ghost_rock_garden, nicolae_quartered_pool_medium
Lair:3:   layout_cave_pods, skrybe_swamp_entry_bodies, basic_altar,
          grunt_megastairs_4
Lair:4:   layout_cave_pods, slime_entry_2, chequers_serial_rivers_room_a,
          grunt_megastairs_1, lemuel_fruit_tree, infiniplex_staircase_pool_2,
          serial_bayou_shore_a
Lair:5:   hellmonk_lair_end_abyssal_woods, layout_regular_city, st_stairs_8,
          dreamdust_deal_with_the_devil
Swamp:1:  layout_basic_swamp, evilmike_swamp_ruin_rubble_2, uniq_roxanne
Swamp:2:  layout_basic_swamp, serial_swamp_ruin, hangedman_swamp_ruin_wall,
          hangedman_swamp_ruin_hall, uniq_nikola
Swamp:3:  layout_basic_swamp, evilmike_swamp_ruin_house_3
Swamp:4:  swamp_alternative, layout_basic_swamp, swamp_pool1
Snake:1:  layout_onion, uniq_aizul
Orc:1:    layout_caves, uniq_snorg
Orc:2:    st_orc_ogre_mass, layout_caves, nicolae_shop_gadgets

Skill      XL: |  1  2  3  4  5  6  7  8  9 10 11 12 13 14 15 16 |
---------------+-------------------------------------------------+-----
Maces & Flails | 3 4 5 7 9 11 14 16 17 19 | 19.2
Invocations    | 4 6 7 8 |  8.7
Fighting       | 6 9 12 15 18 20 21 | 21.1
Armour         | 5 9 12 14 16 17 18 | 18.1
Hexes          | 3 4 |  4.0
Dodging        | 3 4 5 6 7 8 9 |  9.4

Action                   |  1- 3 |  4- 6 |  7- 9 | 10-12 | 13-15 | 16-18 || total
-------------------------+-------+-------+-------+-------+-------+-------++-------
Melee: Mace              |   114 |     1 |       |       |       |       ||   115
       Headbutt          |    10 |    13 |    50 |    91 |   238 |    98 ||   500
       Punch             |     1 |     2 |     1 |       |       |       ||     4
       Flail             |       |    70 |   101 |       |       |       ||   171
       Dire flail        |       |       |   104 |   501 |  1002 |   318 ||  1925
Throw: Dart              |       |       |       |    22 |     2 |     3 ||    27
Invok: Bend Space        |       |       |       |     1 |       |     2 ||     3
  Use: Scroll            |       |       |    17 |    10 |    11 |       ||    38
       Potion            |       |       |       |       |     1 |       ||     1
Armor: Leather armour    |    29 |       |       |       |       |       ||    29
       Ring mail         |    27 |     9 |       |       |       |       ||    36
       Chain mail        |       |    32 |   130 |   278 |   448 |   198 ||  1086
       Plate armour      |       |       |       |       |       |    33 ||    33
Dodge: Dodged            |    82 |    28 |    65 |   198 |   466 |   212 ||  1051

Table legend: (Time is in decaauts)
 A = Elapsed time spent in this place.
 B = Non-inter-level travel time spent in this place.
 C = Inter-level travel time spent in this place.
 D = Time resting spent in this place.
 E = Time spent auto-exploring this place.
 F = Levels seen in this place.
 G = Mean time per level.
                   A        B        C        D        E       F      G
               +--------+--------+--------+--------+--------+-----+--------+
         Total |  24743 |  23597 |   1146 |   2527 |  16255 |  30 |  824.8 |
       Dungeon |  14315 |  13681 |    634 |   1285 |  10099 |  15 |  954.3 |
          Lair |   5463 |   5117 |    346 |    537 |   3783 |   5 | 1092.6 |
         Swamp |   2880 |   2756 |    124 |    417 |   1590 |   4 |  720.0 |
     Snake Pit |    471 |    471 |      0 |    119 |    145 |   1 |  471.0 |
  Orcish Mines |   1183 |   1142 |     41 |    128 |    637 |   2 |  591.5 |
         Abyss |      1 |      1 |      0 |      0 |      0 |   1 |    1.0 |
      Ice Cave |    135 |    135 |      0 |     41 |      0 |   1 |  135.0 |
      Gauntlet |    293 |    293 |      0 |      0 |      0 |   1 |  293.0 |
               +--------+--------+--------+--------+--------+-----+--------+

Top non-repeatable levels by time:
     D:2: 1629 daAuts
     D:4: 1444 daAuts
  Lair:5: 1435 daAuts
     D:1: 1128 daAuts
     D:6: 1110 daAuts
  Lair:4: 1100 daAuts
  Lair:3: 1088 daAuts
  Lair:2: 1034 daAuts
     D:5: 1007 daAuts
    D:15: 942 daAuts
    D:12: 921 daAuts
     D:3: 900 daAuts
    D:10: 895 daAuts
     D:7: 894 daAuts
    D:11: 891 daAuts
